 Dungeon Crawl Stone Soup version 0.27-a0-1202-ge72e49191c (webtiles) character file.

Game seed: 12476957445270716274

2336 bilbop the Basher (level 9, 0/79 HPs)
             Began as a Minotaur Fighter on June 3, 2021.
             Was an Initiate of Trog.
             Slain by Grum
             ... wielding a -1 spear of flaming
              (7 damage)
             ... on level 8 of the Dungeon on June 4, 2021.
             The game lasted 00:31:49 (8458 turns).

bilbop the Basher (Minotaur Fighter)                Turns: 8458, Time: 00:31:50

Health: 0/79       AC: 15    Str: 23    XL:     9   Next: 19%
Magic:  9/9        EV:  5    Int:  5    God:    Trog [......]
Gold:   507        SH: 11    Dex: 11    Spells: 8/8 levels left

rFire    . . .     SeeInvis .   a - +0 flail
rCold    + . .     Faith    .   c - +0 kite shield
rNeg     . . .     Spirit   .   A - +0 plate armour
rPois    .         Reflect  .   (helmet restricted)
rElec    .         Harm     .   l - +0 cloak
rCorr    .         Rampage  .   f - +0 pair of gloves
Will     .....                  (no boots)
Stlth    ..........             (no amulet)
HPRegen  0.23/turn              o - ring of protection from cold
MPRegen  0.11/turn              (no ring)

@: no status effects
A: horns 2, retaliatory headbutt
a: Renounce Religion


You were on level 8 of the Dungeon.
You worshipped Trog.
Trog was noncommittal.
You visited 1 branch of the dungeon, and saw 8 of its levels.

You collected 507 gold pieces.

Inventory:

Hand Weapons
 a - a +0 flail (weapon)
 b - a +1 hand crossbow
Missiles
 C - 67 bolts
 D - a curare-tipped dart (quivered)
Armour
 c - a +0 kite shield (worn)
 f - a +0 pair of gloves (worn)
 l - a +0 cloak (worn)
 A - a +0 plate armour (worn)
Jewellery
 o - a ring of protection from cold (left hand)
Wands
 v - a wand of mindburst (15)
 y - a wand of iceblast (7)
 F - a wand of paralysis (6)
Scrolls
 k - a scroll of teleportation
 t - a scroll of blinking {unknown}
 u - a scroll of enchant armour {unknown}
 w - a scroll of fear {unknown}
 E - a scroll of fog {unknown}
Potions
 d - a potion of might
 p - a potion of heal wounds {unknown}
 q - 3 potions of mutation
 r - 2 potions of invisibility {unknown}
 s - 2 potions of haste {unknown}
 x - 2 potions of flight {unknown}
 z - a potion of curing {unknown}


   Skills:
 + Level 7.1 Fighting
 * Level 9.1 Maces & Flails
 + Level 2.8 Crossbows
 + Level 7.2 Armour
 + Level 7.2 Shields
 + Level 2.6 Invocations


You had 8 spell levels left.
You didn't know any spells.
Your spell library contained the following spells:

 Spells                   Type           Power      Damage    Failure   Level
 Freeze                   Ice            0%         1d3       100%        1
 Confusing Touch          Hex            0%         N/A       100%        3
 Frozen Ramparts          Ice            0%         1d2       100%        3
 Gell's Gravitas          Tloc           0%         N/A       100%        3
 Ozocubu's Armour         Ice            0%         N/A       100%        3
 Hailstorm                Conj/Ice       0%         3d3       100%        4
 Petrify                  Tmut/Erth      0%         N/A       100%        4
 Metabolic Englaciation   Hex/Ice        0%         N/A       100%        5
 Yara's Violent Unravell  Hex/Tmut       0%         3d3       100%        5


Dungeon Overview and Level Annotations

Branches:
Dungeon (8/15)             Temple (0/1) D:6
   Lair: D:8-11

Altars:
Cheibriados
Fedhas
Gozag
Makhleb
Nemelex Xobeh
Okawaru
Qazlal
Trog
Wu Jian
Zin
The Shining One

Annotations:
D:5 Sigmund
D:8 Grum


Innate Abilities, Weirdness & Mutations

You have a pair of horns on your head.
You reflexively headbutt those who attack you in melee.


Message History

You headbutt the wolf, but do no damage.
The wolf is heavily wounded.
You block the wolf's attack.
Grum stares intently and grunts.
The wolf bites you.
You barely miss the wolf. Your headbutt misses the wolf.
The wolf is heavily wounded.
You block the wolf's attack.
You miss the wolf. Your headbutt misses the wolf.
The wolf is heavily wounded.
The wolf barely misses you. You block Grum's attack.
You block the wolf's attack.
You sock the wolf!
You kill the wolf!
Trog accepts your kill. You block Grum's attack.
Grum hits you from afar with a -1 spear of flaming!
Grum burns you. Grum hits you but does no damage.
You hit Grum but do no damage. Grum hits you but does no damage.
You hit Grum. You headbutt Grum, but do no damage.
Grum is lightly wounded.
You block Grum's attack.
You sock Grum!
Grum is moderately wounded.
You block Grum's attack.
You sock Grum! Your headbutt misses Grum.
Grum is heavily wounded.
You block Grum's attack.
You hit Grum. You headbutt Grum.
Grum is heavily wounded.
Grum hits you with a -1 spear of flaming!
Grum burns you.
* * * LOW HITPOINT WARNING * * *
You barely miss Grum. You headbutt Grum!
Grum is almost dead.
Grum hits you with a -1 spear of flaming!
* * * LOW HITPOINT WARNING * * *
Grum burns you!
You die...

...## ....# .....#
....# ..[..## ....####.
.....# ......... (...+
....###.. ...## ....#
.h. ....## #g# .....# #
#@# .#.#.# .# #+# #.#
##.#.##.# #.# #.#
##......# #.# #.# #
##...######.###.##.#.#
##.....###....##......#
#.......#.#..)).....###
#........###.)#######
#....[..## ##.#


You could see Grum and a wolf.

Vanquished Creatures
  2 steam dragons (D:7)
  A water moccasin (D:5)
  3 orc warriors
  An ice beast (D:8)
  2 ogres
  A black bear (D:7)
  2 wolves (D:8)
  2 centaurs
  2 kobold brigands
  3 scorpions
  2 water moccasin zombies
  2 orc priests
  3 hounds
  A jelly (D:4)
  A bullfrog skeleton (D:4)
  An iguana (D:5)
  6 orc wizards
  A killer bee zombie (D:7)
  A gnoll (D:1)
  3 adders
  5 dart slugs
  10 orcs
  8 ball pythons
  4 bats
  3 endoplasms
  4 giant cockroaches
  13 goblins
  6 hobgoblins
  14 jackals
  3 quokkas (D:3)
  3 frilled lizards
  19 kobolds
  9 rats
141 creatures vanquished.

Vanquished Creatures (others)
  An orc wizard (D:6)
  4 fungi (D:5)
  2 plants (D:5)
  3 withered plants (D:1)
10 creatures vanquished.

Grand Total: 151 creatures vanquished

Notes
Turn   | Place    | Note
-------+----------+-------------------------------------------
     0 | D:1      | bilbop the Minotaur Fighter began the quest for the Orb.
     0 | D:1      | Reached XP level 1. HP: 19/19 MP: 0/0
   177 | D:1      | Reached XP level 2. HP: 22/27 MP: 1/1
   191 | D:1      | Reached skill level 3 in Maces & Flails
   330 | D:1      | Found a faded altar of an unknown god.
   513 | D:1      | Reached XP level 3. HP: 33/33 MP: 2/2
  1582 | D:2      | Reached XP level 4. HP: 40/40 MP: 3/3
  1838 | D:2      | Reached skill level 4 in Maces & Flails
  2341 | D:2      | Found an opulent altar of Gozag.
  3400 | D:4      | Reached XP level 5. HP: 47/47 MP: 4/4
  4003 | D:4      | Reached skill level 5 in Maces & Flails
  4003 | D:4      | Reached XP level 6. HP: 42/55 MP: 5/5
  4123 | D:4      | Reached skill level 5 in Fighting
  4123 | D:4      | Reached skill level 5 in Armour
  4123 | D:4      | Reached skill level 5 in Shields
  4316 | D:5      | Entered Level 5 of the Dungeon
  4316 | D:5      | Noticed a water moccasin
  4330 | D:5      | Killed a water moccasin
  4427 | D:5      | Found a sparkling altar of Nemelex Xobeh.
  4558 | D:5      | Found a blossoming altar of Fedhas.
  4561 | D:5      | Found a stormy altar of Qazlal.
  4828 | D:5      | Reached skill level 6 in Maces & Flails
  4828 | D:5      | Reached XP level 7. HP: 58/61 MP: 6/6
  5104 | D:5      | Found an iron altar of Okawaru.
  5386 | D:5      | Noticed Sigmund
  5457 | D:6      | Found a bloodstained altar of Trog.
  5457 | D:6      | Found a glowing golden altar of the Shining One.
  5457 | D:6      | Found a snail-covered altar of Cheibriados.
  5526 | D:6      | Noticed a two-headed ogre
  5693 | D:5      | Reached skill level 7 in Maces & Flails
  6083 | D:6      | Reached XP level 8. HP: 66/70 MP: 7/7
  6679 | D:6      | Found an ornate altar of the Wu Jian Council.
  6684 | D:6      | Became a worshipper of Trog the Wrathful
  6771 | D:6      | Found a staircase to the Ecumenical Temple.
  7151 | D:7      | Found a burning altar of Makhleb.
  7173 | D:7      | Reached skill level 1 in Crossbows
  7173 | D:7      | Reached skill level 1 in Invocations
  7190 | D:7      | Reached skill level 8 in Maces & Flails
  7317 | D:7      | Found a glowing silver altar of Zin.
  7320 | D:7      | Noticed an angel
  7324 | D:7      | Noticed an Executioner
  7544 | D:7      | Found an opulent altar of Gozag.
  8198 | D:8      | Reached XP level 9. HP: 50/79 MP: 9/9
  8377 | D:8      | Reached skill level 9 in Maces & Flails
  8433 | D:8      | Noticed Grum
  8458 | D:8      | Slain by Grum

Illustrated notes

Levels and vault maps discovered:
D:1:      dpeg_arrival_refuge, layout_basic, ebering_ecumenical_altar_petrified
D:2:      layout_loops_corners, basic_altar, kennysheep_big_empty_room
D:3:      layout_basic
D:4:      layout_basic
D:5:      layout_basic, grunt_temple_overflow_forces_of_nature,
          kennysheep_okawaru_gauntlet, kennysheep_little_box, uniq_sigmund
D:6:      layout_cave_pools, grunt_temple_overflow_open, temple_fountains
D:7:      layout_rooms, grunt_temple_overflow_order_and_chaos_2,
          nicolae_gozag_cash_rules_everything_around_me
D:8:      layout_loops_corners, special_room [special_room_orc], serial_shops,
          shop, uniq_grum

Skill      XL: |  1  2  3  4  5  6  7  8  9 |
---------------+----------------------------+-----
Maces & Flails | 3 4 5 6 7 8 9 |  9.1
Shields        | 4 5 6 7 |  7.2
Fighting       | 4 5 6 7 |  7.1
Armour         | 4 5 6 7 |  7.2
Crossbows      | 2 |  2.8
Invocations    | 2 |  2.6

Action                   |  1- 3 |  4- 6 |  7- 9 || total
-------------------------+-------+-------+-------++-------
Melee: Flail             |   118 |   114 |   215 ||   447
       Headbutt          |    19 |    20 |    41 ||    80
 Fire: Hand crossbow     |       |       |    41 ||    41
Throw: Throwing net      |       |       |     1 ||     1
  Use: Scroll            |       |       |     8 ||     8
Armor: Scale mail        |    74 |    37 |    16 ||   127
       Plate armour      |       |       |   127 ||   127
Dodge: Dodged            |    51 |    28 |    64 ||   143
Block: Kite shield       |    65 |    39 |   157 ||   261

Table legend: (Time is in decaauts)
 A = Elapsed time spent in this place.
 B = Non-inter-level travel time spent in this place.
 C = Inter-level travel time spent in this place.
 D = Time resting spent in this place.
 E = Time spent auto-exploring this place.
 F = Levels seen in this place.
 G = Mean time per level.
                   A        B        C        D        E       F      G
               +--------+--------+--------+--------+--------+-----+--------+
         Total |   8621 |   7898 |    723 |   1675 |   4781 |   8 | 1077.6 |
       Dungeon |   8621 |   7898 |    723 |   1675 |   4781 |   8 | 1077.6 |
               +--------+--------+--------+--------+--------+-----+--------+

Top non-repeatable levels by time:
     D:5: 1951 daAuts
     D:1: 1448 daAuts
     D:7: 1363 daAuts
     D:4: 1209 daAuts
     D:2: 1111 daAuts
     D:3: 873 daAuts
     D:6: 350 daAuts
     D:8: 314 daAuts
